 Dungeon Crawl Stone Soup version 0.30.1-4-g462c640d31 (webtiles) character file.

Game seed: 10429386701009859710

150 Zeor the Slasher (level 5, -3/38 HPs)
             Began as a Djinni Reaver on Aug 30, 2023.
             Slain by a gnoll
             ... wielding a +0 spear
              (8 damage)
             ... on level 4 of the Dungeon.
             The game lasted 00:08:19 (2916 turns).

Zeor the Slasher (Djinni Reaver)                    Turns: 2916, Time: 00:08:22

Health: -3/38      AC:  4    Str:  6    XL:     5   Next: 58%
Gold:   170        EV: 11    Int: 19    God:
                   SH:  5    Dex: 12

rFire   + + .        b - +7 short sword "Gethak" {freeze, rElec rCorr Str-5 Int+3}
rCold   x . .        (no shield)
rNeg    . . .        g - +0 leather armour
rPois   ∞            m - +0 helmet
rElec   +            (no cloak)
rCorr   +            (no gloves)
SInv    .            (boots unavailable)
Will    .....        q - amulet of reflection
Stlth   +            (no ring)
HPRegen 0.26/turn    (no ring)
MPRegen 0.00/turn

%: reflection, infuse magic (-4 HP)
@: flying, very slightly contaminated
A: sickness immunity, fire resistance 2, cold vulnerability 1, float, innate
caster, HP casting, extra vitality 1
a: no special abilities


You were on level 4 of the Dungeon.
You visited 1 branch of the dungeon, and saw 4 of its levels.

You collected 170 gold pieces.

Inventory:

Hand Weapons
 b - the +7 short sword "Gethak" (weapon) {freeze, rElec rCorr Str-5 Int+3}
   (You found it on level 2 of the Dungeon)

   Str:       It affects your strength (-5).
   Int:       It affects your intelligence (+3).
   rElec:     It insulates you from electricity.
   rCorr:     It protects you from acid and corrosion.
 k - a +0 long sword
Missiles
 f - 10 boomerangs
 j - 2 throwing nets
Armour
 g - a +0 leather armour (worn)
 m - a +0 helmet (worn)
 n - a +0 ring mail of positive energy
Jewellery
 p - an amulet of faith
 q - an amulet of reflection (around neck)
Wands
 h - a wand of digging (6)
 l - a wand of flame (24)
Scrolls
 e - a scroll of fog
 r - a scroll of poison
Potions
 a - a potion of attraction
 c - 5 potions of heal wounds
 d - 2 potions of brilliance
 i - 2 potions of resistance
 o - a potion of mutation


   Skills:
 + Level 2.2 Fighting
 + Level 0.2(2.2) Short Blades
 * Level 3.7 Long Blades
 * Level 2.2 Armour
 + Level 2.4 Dodging
 * Level 3.1 Spellcasting


You knew the following spells:

 Your Spells              Type           Power      Damage    Failure   Level
b - Lesser Beckoning      Tloc           30%        N/A       10%         2
h - Hailstorm             Conj/Ice       15%        3d5       19%         3
k - Kiss of Death         Conj/Necr      60%        2d10      6%          1
n - Necrotise             Necr           60%        1d7       6%          1
s - Momentum Strike       Conj/Tloc      30%        3d8       10%         2
Your spell library was empty.

Dungeon Overview and Level Annotations

Branches:
Dungeon (4/15)
 Temple: D:4-7

Altars:
Elyvilon
Nemelex Xobeh
The Shining One

Shops:
D:2 (


Innate Abilities, Weirdness & Mutations

You are immune to sickness and miasma.
You are immune to poison.
Your flesh is very heat resistant. (rF++)
You are vulnerable to cold. (rC-)
You float through the air rather than walking.
You learn spells naturally, not from books.
Your magical power is your life essence.
You have superior vitality. (+4 MHP)


Message History

The gnoll is severely wounded.
You block the gnoll's attack.
A phantom comes into view.
The gnoll struggles against the net.
The net rips apart, and the gnoll comes free!
You puncture the gnoll! You freeze the gnoll.
The gnoll is almost dead.
You block the gnoll's attack.
A gnoll comes into view. It is wielding a +0 halberd.
Casting: Hailstorm (quite dangerous; 19% risk of failure)
Confirm with . or Enter, or press ? or * to list all spells.
Okay, then.
Adjust (i)tems, (s)pells, or (a)bilities?
Adjust which spell? a - Necrotise Adjust to which letter? n - Necrotise You barely miss the gnoll.
The gnoll is almost dead.
The gnoll hits you from afar with a +0 spear.
The gnoll hits you with a +0 flail.
Casting: Hailstorm (quite dangerous; 19% risk of failure)
Confirm with . or Enter, or press ? or * to list all spells.
The spell is quite dangerous to miscast (19% risk of failure)!
Continue anyway?
Casting: Hailstorm (quite dangerous; 19% risk of failure)
Press: ? - help, Dir - look around, f - activate You miscast Hailstorm.
You are very lightly contaminated with residual magic.
Nothing appears to happen.
The gnoll hits you with a +0 flail.
The gnoll hits you from afar with a +0 spear.
Casting: Hailstorm (quite dangerous; 19% risk of failure)
Confirm with . or Enter, or press ? or * to list all spells.
The spell is quite dangerous to miscast (19% risk of failure)!
Continue anyway?
Casting: Hailstorm (quite dangerous; 19% risk of failure)
Press: ? - help, Dir - look around, f - activate You miscast Hailstorm.
You shiver with cold.
You feel a terrible chill!
* * * LOW HITPOINT WARNING * * *
x2 The gnoll closely misses you.
The gnoll hits you from afar with a +0 spear!
You die... ∙∙∙∙∙∙ ∙∙∙∙∙ ▒∙∙∙∙ ∙W∙ ∙g∙

∙ ▒ ▒g▒ ▒ ▒∙∙▒∙ ▒g▒∙▒
∙▒▒▒∙▒∙▒▒▒R▒∙▒▒∙∙∙
∙∙▒∙∙∙∙∙∙▒∙∙∙∙∙∙∙∙
▒∙▒∙▒∙∙∙∙∙▒∙▒▒▒▒∙▒∙
▒▒∙∙▒∙∙∙∙∙∙∙∙∙▒ ▒▒ ▒∙∙∙
▒▒∙∙∙∙∙▒∙▒▒▒▒
∙▒▒▒∙▒▒▒∙∙∙[∙)∙∙∙∙∙∙▒>▒∙▒
∙▒☼∙∙∙○▒▒▒▒▒▒▒▒∙∙∙∙∙∙∙∙∙▒
∙▒∙∙∙∙∙▒∙∙∙∙∙∙∙∙∙∙∙∙∙∙▒▒▒
∙∙∙∙▄∙∙∙∙∙▒▒▒▒▒▒▒▒▒∙∙∙∙∙∙


You could see a phantom, 2 gnolls and a goblin.

Vanquished Creatures
  4 gnolls
  5 adders
  A white imp (D:4)
  A worm (D:3)
  An orc (D:3)
  7 endoplasms
  6 giant cockroaches
  4 goblins
  3 hobgoblins
  7 ball pythons
  2 bats (D:3)
  3 frilled lizards
  2 goblin skeletons (D:4)
  A goblin zombie (D:4)
  A hobgoblin zombie (D:4)
  6 kobolds
  3 kobold zombies (D:4)
  An orc zombie (D:4)
  2 rats (D:3)
60 creatures vanquished.

Notes
Turn   | Place    | Note
-------+----------+-------------------------------------------
     0 | D:1      | Zeor the Djinni Reaver began the quest for the Orb.
     0 | D:1      | Zeor set off with the following spells memorised: Kiss of
                  | Death, Momentum Strike, Hailstorm.
     0 | D:1      | Reached XP level 1. HP: 18/18 MP: 0/0
   201 | D:1      | Reached XP level 2. HP: 23/23 MP: 0/0
   993 | D:2      | Reached XP level 3. HP: 16/28 MP: 0/0
   993 | D:2      | Learned a level 1 spell: Necrotise
  1079 | D:2      | Identified the +7 short sword "Gethak" {freeze, rElec rCorr
                  | Str-5 Int+3}
  1188 | D:2      | Found a white marble altar of Elyvilon.
  1356 | D:2      | Found Ocluvah's Weapon Emporium.
  1596 | D:2      | Reached XP level 4. HP: 32/33 MP: 0/0
  1897 | D:3      | Reached skill level 1 in Armour
  2245 | D:3      | Found a sparkling altar of Nemelex Xobeh.
  2349 | D:3      | Reached XP level 5. HP: 31/34 MP: 0/0
  2349 | D:3      | Learned a level 2 spell: Lesser Beckoning
  2780 | D:4      | Found a glowing golden altar of the Shining One.
  2912 | D:4      | Noticed a phantom
  2916 | D:4      | Slain by a gnoll

Illustrated notes

Levels and vault maps discovered:
D:1:      dreamdust_arrival_beginning_and_end, layout_basic
D:2:      layout_basic, basic_altar, serial_shops, shop
D:3:      layout_basic, nemelex_dance_club_becter
D:4:      layout_loops_ring, kennysheep_mini,
          nicolae_kikubaaqudgha_miasma_corner, zin_angel,
          nicolae_tso_besieged_by_evil, gup_sewer_entry_bubbles, minmay_ruptured

Skill      XL: |  1  2  3  4  5 |
---------------+----------------+-----
Long Blades    | 3 |  3.7
Armour         | 1 2 |  2.2
Spellcasting   | 3 |  3.1
Fighting       | |  2.2
Short Blades   | |  0.2
Dodging        | |  2.4

Action                     |  1- 3 |  4- 6 || total
---------------------------+-------+-------++-------
  Melee: Falchion          |    61 |       ||    61
         Short sword       |    21 |    61 ||    82
   Cast: Momentum Strike   |     4 |    10 ||    14
         Kiss of Death     |       |     1 ||     1
         Lesser Beckoning  |       |     1 ||     1
         Hailstorm         |       |     1 ||     1
    Use: Scroll            |     3 |     6 ||     9
 Armour: Leather armour    |    24 |    11 ||    35
  Dodge: Dodged            |    35 |    20 ||    55
  Block: Other             |       |    10 ||    10
         Reflection        |       |     2 ||     2
